 Dungeon Crawl Stone Soup version 0.31-a0-37-g98a128e1d9 (webtiles) character file.

Game seed: 13657280902795859160

14 Elsrick the Magician (level 2, -1/15 HPs)
             Began as a Deep Elf Air Elementalist on May 15, 2023.
             Slain by a jackal (2 damage)
             ... on level 1 of the Dungeon.
             The game lasted 00:01:56 (232 turns).

Elsrick the Magician (Deep Elf Air Elementalist)     Turns: 232, Time: 00:01:56

Health: -1/15      AC:  2    Str:  5    XL:     2   Next: 27%
Magic:  0/8        EV: 12    Int: 19    God:
Gold:   0          SH:  0    Dex: 15    Spells: 7/8 levels left

rFire   . . .        f - +0 short sword
rCold   . . .        (no shield)
rNeg    . . .        a - +0 robe
rPois   .            (no helmet)
rElec   .            (no cloak)
rCorr   .            (no gloves)
SInv    .            (no boots)
Will    .....        (no amulet)
Stlth   ++           (no ring)
HPRegen 0.22/turn    (no ring)
MPRegen 0.11/turn

%: no passive effects
@: very slightly contaminated
A: no striking features
a: no special abilities


You were on level 1 of the Dungeon.
You visited 1 branch of the dungeon, and saw 1 of its levels.

Inventory:

Hand Weapons
 f - a +0 short sword (weapon)
Armour
 a - a +0 robe (worn)
Scrolls
 d - 3 scrolls of identify {unknown}
 e - a scroll of teleportation {unknown}
Potions
 b - a potion of magic


   Skills:
 + Level 0.2 Short Blades
 + Level 2.6 Dodging
 + Level 2.4 Stealth
 + Level 3.5 Spellcasting
 + Level 1.1 Conjurations
 + Level 3.3 Air Magic


You had 7 spell levels left.
You knew the following spells:

 Your Spells              Type           Power      Damage    Failure   Level
a - Shock                 Conj/Air       44%        1d5       6%          1

Your spell library contained the following spells:

 Spells                   Type           Power      Damage    Failure   Level
 Static Discharge         Conj/Air       22%        2-3/arc   9%          2
 Swiftness                Air            16%        N/A       11%         3
 Airstrike                Air            8%         2d(2-18)  36%         4


Dungeon Overview and Level Annotations

Branches:
Dungeon (1/15)

Altars:

Shops:
D:1 [


Message History

Aim: a hobgoblin (68% to hit)
You miscast Shock.
You are very lightly contaminated with residual magic.
Nothing appears to happen.
The jackal bites you. The hobgoblin closely misses you. The jackal bites you.
Casting: Shock (safe; 6% risk of failure)
Confirm with . or Enter, or press ? or * to list all spells.
Aiming: Shock (safe; 6% risk of failure)
Press: ? - help, Shift-Dir - straight line, f/p - hobgoblin
Aim: a hobgoblin (68% to hit)
The zap hits the hobgoblin.
The hobgoblin is severely wounded.
The hobgoblin completely misses you. The jackal bites you.
You hit the hobgoblin.
You kill the hobgoblin!
The jackal bites you.
* * * LOW HITPOINT WARNING * * *
The jackal barely misses you.
Casting: Shock (safe; 6% risk of failure)
Confirm with . or Enter, or press ? or * to list all spells.
Aiming: Shock (safe; 6% risk of failure)
Press: ? - help, Shift-Dir - straight line, f - jackal
Aim: a jackal (moderately wounded, 60% to hit)
The zap hits the jackal.
The jackal is heavily wounded.
The jackal bites you but does no damage.
Casting: Shock (safe; 6% risk of failure)
Confirm with . or Enter, or press ? or * to list all spells.
Aiming: Shock (safe; 6% risk of failure)
Press: ? - help, Shift-Dir - straight line, f/p - jackal
Aim: a jackal (heavily wounded, 60% to hit)
The zap hits the jackal.
The jackal is severely wounded.
The jackal bites you but does no damage.
You hit the jackal but do no damage.
The jackal is severely wounded.
The jackal bites you.
* * * LOW HITPOINT WARNING * * *
The jackal bites you.
You die...

#.$ ..) #[. ... ..##.. ..#.#
##≈≈≈≈≈≈.≈≈≈# #.#.#
##≈≈≈≈≈≈.≈≈≈≈≈ # #.
#...###≈≈≈≈≈≈≈.≈≈≈≈≈ #.#.
#h.##≈≈≈8≈≈≈≈≈.≈≈8≈ #.##.#.##
#@.#≈≈≈≈≈≈≈≈≈≈.≈≈≈
........###...≈≈≈≈~~~≈≈≈.≈≈≈
#.##..~~~~..#..##~≈≈~≈≈≈~≈≈.≈≈≈
.......~~~~~~....##≈~~≈≈≈≈<..≈≈≈≈
.......~~~†~~......≈≈≈≈≈≈..>≈≈≈≈~
.......~~~~~..#..#.≈≈≈≈≈.≈≈~≈≈≈~≈
........~~~~....#..≈≈≈≈≈.≈≈≈~~~≈≈
...................≈≈≈≈≈(≈≈≈≈≈≈≈≈
...................≈≈≈8≈≈.≈≈≈≈≈8≈


You could see a jackal.

Vanquished Creatures
  A giant cockroach (D:1)
  2 hobgoblins (D:1)
  3 jackals (D:1)
  A kobold (D:1)
  5 frilled lizards (D:1)
  A rat (D:1)
13 creatures vanquished.

Notes
Turn   | Place    | Note
-------+----------+-------------------------------------------
     0 | D:1      | Elsrick the Deep Elf Air Elementalist began the quest for
                  | the Orb.
     0 | D:1      | Reached XP level 1. HP: 10/10 MP: 6/6
    48 | D:1      | Noticed an animated gold dragon scales
    50 | D:1      | Found Memytosu's Armour Boutique.
    52 | D:1      | Noticed an animated crystal plate armour
   213 | D:1      | Reached XP level 2. HP: 15/15 MP: 5/8
   232 | D:1      | Slain by a jackal

Illustrated notes

Levels and vault maps discovered:
D:1:      nzn_arrival_water_spiral, layout_rooms,
          shapermc_ecumenical_altar_pompeii, serial_shops,
          nicolae_shop_mannequins, minmay_lizard_pond

Action                     || total
---------------------------++-------
  Melee: Short sword       ||    12
   Cast: Shock             ||    19
 Armour: Robe              ||     6
  Dodge: Dodged            ||    18

Table legend: (Time is in decaauts)
 A = Elapsed time spent in this place.
 B = Non-inter-level travel time spent in this place.
 C = Inter-level travel time spent in this place.
 D = Time resting spent in this place.
 E = Time spent auto-exploring this place.
 F = Levels seen in this place.
 G = Mean time per level.
                   A        B        C        D        E       F      G
               +--------+--------+--------+--------+--------+-----+--------+
         Total |    230 |    230 |      0 |     77 |     41 |   1 |  230.0 |
       Dungeon |    230 |    230 |      0 |     77 |     41 |   1 |  230.0 |
               +--------+--------+--------+--------+--------+-----+--------+

Top non-repeatable levels by time:
     D:1: 230 daAuts
